TOP OF THE 1ST |
Nashville G-Strings batting - Pitching for New Orleans Looters : RHP Anthony O'Connor
|
Pitching: RHP Anthony O'Connor
|
|
Batting: RHB Eric Thompson
|
0-0: Called Strike 0-1: SINGLE (Flyball, 7LS)
|
Batting: LHB Robinson Fernández
|
0-0: Called Strike 0-1: Ball 1-1: Ball 2-1: Ball 3-1: Called Strike 3-2: Grounds into double play, 4-6-3 (Groundball, 34)
|
Batting: RHB Sergio Márquez
|
0-0: Called Strike 0-1: Ball 1-1: SINGLE (Groundball, 6D)
|
Batting: LHB Miguel Rivería
|
0-0: Ball 1-0: Swinging Strike 1-1: SINGLE (Flyball, 89S) Sergio Márquez to second Runner from 2nd tries for 3rd, SAFE, no throw
|
Batting: RHB Jesús Cabrera
|
0-0: Called Strike 0-1: Hit by Pitch Miguel Rivería to second
|
Batting: LHB Ramón Morales
|
0-0: Called Strike 0-1: Fly out, F6 (Popup, 6MS)
|
Top of the 1st over - 0 runs, 3 hits, 0 errors, 3 left on base; Nashville 0 - New Orleans 0 |
BOTTOM OF THE 1ST |
New Orleans Looters batting - Pitching for Nashville G-Strings : LHP Bill Moore
|
Pitching: LHP Bill Moore
|
|
Batting: LHB Miguel Colón
|
0-0: Swinging Strike 0-1: Fly out, F4 (Line Drive, 4M)
|
Batting: RHB Dan Banks
|
0-0: Swinging Strike 0-1: Ball 1-1: Ground out 1-3 (Groundball, 13S)
|
Batting: SHB Arturo Sánchez
|
0-0: Ball 1-0: Called Strike 1-1: Fly out, F9 (Line Drive, 9S)
|
Bottom of the 1st over - 0 runs, 0 hits, 0 errors, 0 left on base; Nashville 0 - New Orleans 0 |
TOP OF THE 2ND |
Nashville G-Strings batting - Pitching for New Orleans Looters : RHP Anthony O'Connor
|
Batting: RHB Vicente Aguirre
|
0-0: Fly out, F4 (Popup, 4S)
|
Batting: SHB Ricardo Arévalo
|
0-0: Ball 1-0: Swinging Strike 1-1: Ball 2-1: Ball 3-1: Foul Ball, location: 2F 3-2: Ground out 4-3 (Groundball, 34D)
|
Batting: SHB Martín Medina
|
0-0: Hit by Pitch
|
Batting: RHB Eric Thompson
|
0-0: Ball 1-0: Called Strike 1-1: Ball 2-1: Called Strike Martín Medina steals 2nd base 2-2: Ball 3-2: Fly out, F6 (Line Drive, 6M)
|
Top of the 2nd over - 0 runs, 0 hits, 0 errors, 1 left on base; Nashville 0 - New Orleans 0 |
BOTTOM OF THE 2ND |
New Orleans Looters batting - Pitching for Nashville G-Strings : LHP Bill Moore
|
Batting: LHB Taylor Smith
|
0-0: Ball 1-0: Called Strike 1-1: Foul Ball, location: 2F 1-2: Ground out 4-3 (Groundball, 4)
|
Batting: SHB Oliver Deleón
|
0-0: Ball 1-0: Foul Ball, location: 2F 1-1: Ball 2-1: Ground out 4-3 (Groundball, 4)
|
Batting: RHB Dave O'Loan
|
0-0: Ball 1-0: Ball 2-0: Ball 3-0: Called Strike 3-1: Foul Ball, location: 2F 3-2: Foul Ball, location: 2F 3-2: SINGLE (Flyball, 7LS)
|
Batting: RHB Greg Handrahan
|
0-0: Ball 1-0: Ball 2-0: Ball 3-0: Base on Balls Dave O'Loan to second
|
Batting: RHB Ramón Hernández
|
0-0: Called Strike 0-1: Foul Ball, location: 2F 0-2: Ball 1-2: Ball 2-2: Strikes out swinging
|
Bottom of the 2nd over - 0 runs, 1 hit, 0 errors, 2 left on base; Nashville 0 - New Orleans 0 |
TOP OF THE 3RD |
Nashville G-Strings batting - Pitching for New Orleans Looters : RHP Anthony O'Connor
|
Batting: LHB Robinson Fernández
|
0-0: Called Strike 0-1: Ball 1-1: Foul Ball, location: 2F 1-2: Strikes out swinging
|
Batting: RHB Sergio Márquez
|
0-0: Ball 1-0: Foul Ball, location: 2F 1-1: Called Strike 1-2: Ball 2-2: Strikes out swinging
|
Batting: LHB Miguel Rivería
|
0-0: Ground out 4-3 (Groundball, 4S)
|
Top of the 3rd over - 0 runs, 0 hits, 0 errors, 0 left on base; Nashville 0 - New Orleans 0 |
BOTTOM OF THE 3RD |
New Orleans Looters batting - Pitching for Nashville G-Strings : LHP Bill Moore
|
Batting: RHB Kolomon Meise
|
0-0: Ball 1-0: Swinging Strike 1-1: Ball 2-1: Swinging Strike 2-2: Strikes out swinging
|
Batting: LHB Miguel Colón
|
0-0: Ground out 4-3 (Groundball, 4)
|
Batting: RHB Dan Banks
|
0-0: Foul Ball, location: 2F 0-1: Foul Ball, location: 2F 0-2: SINGLE (Line Drive, 89M)
|
Batting: SHB Arturo Sánchez
|
0-0: Called Strike 0-1: Fly out, F7 (Line Drive, 78D)
|
Bottom of the 3rd over - 0 runs, 1 hit, 0 errors, 1 left on base; Nashville 0 - New Orleans 0 |
TOP OF THE 4TH |
Nashville G-Strings batting - Pitching for New Orleans Looters : RHP Anthony O'Connor
|
Batting: RHB Jesús Cabrera
|
0-0: Swinging Strike 0-1: Foul Ball, location: 2F 0-2: Strikes out swinging
|
Batting: LHB Ramón Morales
|
0-0: Ball 1-0: Ball 2-0: Called Strike 2-1: Foul Ball, location: 2F 2-2: Ground out 4-3 (Groundball, 4)
|
Batting: RHB Vicente Aguirre
|
0-0: Ground out 3-1 (Groundball, 34)
|
Top of the 4th over - 0 runs, 0 hits, 0 errors, 0 left on base; Nashville 0 - New Orleans 0 |
BOTTOM OF THE 4TH |
New Orleans Looters batting - Pitching for Nashville G-Strings : LHP Bill Moore
|
Batting: LHB Taylor Smith
|
0-0: SINGLE (Groundball, 4D)
|
Batting: SHB Oliver Deleón
|
0-0: Ball 1-0: Ball 2-0: Called Strike 2-1: Foul Ball, location: 2F 2-2: Ball 3-2: Base on Balls Taylor Smith to second
|
Batting: RHB Dave O'Loan
|
0-0: Called Strike 0-1: Ball 1-1: Swinging Strike 1-2: Grounds into double play, 6-4-3 (Groundball, 6) Taylor Smith to third
|
Batting: RHB Greg Handrahan
|
0-0: Ball 1-0: Swinging Strike 1-1: Ground out 4-3 (Groundball, 4)
|
Bottom of the 4th over - 0 runs, 1 hit, 0 errors, 1 left on base; Nashville 0 - New Orleans 0 |
TOP OF THE 5TH |
Nashville G-Strings batting - Pitching for New Orleans Looters : RHP Anthony O'Connor
|
Batting: SHB Ricardo Arévalo
|
0-0: Ball 1-0: Called Strike 1-1: Called Strike 1-2: Foul Ball, location: 2F 1-2: Foul Ball, location: 2F 1-2: Strikes out swinging
|
Batting: SHB Martín Medina
|
0-0: Ball 1-0: Ball 2-0: Called Strike 2-1: Swinging Strike 2-2: Strikes out looking
|
Batting: RHB Eric Thompson
|
0-0: Ball 1-0: Called Strike 1-1: Swinging Strike 1-2: Strikes out looking
|
Top of the 5th over - 0 runs, 0 hits, 0 errors, 0 left on base; Nashville 0 - New Orleans 0 |
BOTTOM OF THE 5TH |
New Orleans Looters batting - Pitching for Nashville G-Strings : LHP Bill Moore
|
Batting: RHB Ramón Hernández
|
0-0: Called Strike 0-1: Swinging Strike 0-2: Ball 1-2: Ground out 5-3 (Groundball, 56S)
|
Batting: RHB Kolomon Meise
|
0-0: Called Strike 0-1: Swinging Strike 0-2: Ball 1-2: SINGLE (Line Drive, 34D)
|
Batting: LHB Miguel Colón
|
0-0: Ball 1-0: Fielders Choice at 2nd, 6-4 (Groundball, 56)
|
Batting: RHB Dan Banks
|
0-0: Ball Miguel Colón is caught stealing 2nd base
|
Bottom of the 5th over - 0 runs, 1 hit, 0 errors, 0 left on base; Nashville 0 - New Orleans 0 |
TOP OF THE 6TH |
Nashville G-Strings batting - Pitching for New Orleans Looters : RHP Anthony O'Connor
|
Batting: LHB Robinson Fernández
|
0-0: SINGLE (Line Drive, 56)
|
Batting: RHB Sergio Márquez
|
0-0: Swinging Strike 0-1: Foul Ball, location: 2F 0-2: Ball 1-2: Reached on error, E5 (Groundball, 56) Robinson Fernández to second
|
Batting: LHB Miguel Rivería
|
0-0: Ball 1-0: Called Strike 1-1: Ball 2-1: Foul Ball, location: 2F 2-2: 3-RUN HOME RUN (Flyball, 89XD), Distance : 445 ft
|
Batting: RHB Jesús Cabrera
|
0-0: Called Strike 0-1: Called Strike 0-2: SOLO HOME RUN (Flyball, 8RXD), Distance : 431 ft
|
Batting: LHB Ramón Morales
|
0-0: Foul Ball, location: 2F 0-1: Foul Ball, location: 2F 0-2: SINGLE (Groundball, 6D)
|
Pitching: RHP Fergus Wakeford
|
|
Batting: RHB Vicente Aguirre
|
0-0: Ball 1-0: Foul Ball, location: 2F 1-1: Foul Ball, location: 2F 1-2: Ball 2-2: Foul Ball, location: 2F 2-2: Ball 3-2: Foul Ball, location: 2F 3-2: Strikes out swinging Ramón Morales steals 2nd base Batter strikes out.
|
Batting: SHB Ricardo Arévalo
|
0-0: Intentional Walk
|
Batting: SHB Martín Medina
|
0-0: Swinging Strike 0-1: Ground out 3-1 (Groundball, 34S) Ramón Morales to third Ricardo Arévalo to second
|
Batting: RHB Eric Thompson
|
0-0: Ball 1-0: Ball 2-0: Ball 3-0: Base on Balls
|
Batting: LHB Robinson Fernández
|
0-0: Swinging Strike 0-1: Ball 1-1: Ball 2-1: Ball 3-1: Base on Balls Ramón Morales scores Ricardo Arévalo to third Eric Thompson to second
|
Batting: RHB Sergio Márquez
|
0-0: Swinging Strike 0-1: Ball 1-1: GRAND SLAM HOME RUN (Flyball, 9LD), Distance : 340 ft
|
Batting: LHB Miguel Rivería
|
0-0: Foul Ball, location: 2F 0-1: Swinging Strike 0-2: Fly out, F8 (Flyball, 8LXD)
|
Top of the 6th over - 9 runs, 5 hits, 1 error, 0 left on base; Nashville 9 - New Orleans 0 |
BOTTOM OF THE 6TH |
New Orleans Looters batting - Pitching for Nashville G-Strings : LHP Bill Moore
|
Batting: RHB Dan Banks
|
0-0: Ball 1-0: Called Strike 1-1: SINGLE (Flyball, 9LS)
|
Batting: SHB Arturo Sánchez
|
0-0: Called Strike 0-1: Called Strike 0-2: Strikes out looking
|
Batting: LHB Taylor Smith
|
0-0: SINGLE (Groundball, 34D) - runner OUT being hit by batted ball.
|
Batting: SHB Oliver Deleón
|
0-0: Ball 1-0: Fly out, F8 (Flyball, 8LS)
|
Bottom of the 6th over - 0 runs, 2 hits, 0 errors, 1 left on base; Nashville 9 - New Orleans 0 |
TOP OF THE 7TH |
Nashville G-Strings batting - Pitching for New Orleans Looters : RHP Fergus Wakeford
|
Batting: RHB Jesús Cabrera
|
0-0: Called Strike 0-1: Ball 1-1: Ground out U3 (Groundball, 3)
|
Batting: LHB Ramón Morales
|
0-0: Ball 1-0: Ball 2-0: Ball 3-0: Base on Balls
|
Batting: RHB Vicente Aguirre
|
0-0: Called Strike Ramón Morales steals 2nd base 0-1: Ball 1-1: Foul Ball, location: 2F 1-2: Ball 2-2: Ball 3-2: Base on Balls
|
Batting: SHB Ricardo Arévalo
|
0-0: Called Strike 0-1: Ball 1-1: Foul Ball, location: 2F 1-2: Strikes out swinging
|
Batting: SHB Martín Medina
|
0-0: Ball 1-0: Called Strike 1-1: Foul Ball, location: 2F 1-2: SINGLE (Groundball, 34S) (infield hit) Ramón Morales to third Vicente Aguirre to second
|
Batting: RHB Eric Thompson
|
0-0: Called Strike 0-1: Foul Ball, location: 2F 0-2: Fielders Choice at 2nd, 6-4 (Groundball, 6)
|
Top of the 7th over - 0 runs, 1 hit, 0 errors, 3 left on base; Nashville 9 - New Orleans 0 |
BOTTOM OF THE 7TH |
New Orleans Looters batting - Pitching for Nashville G-Strings : LHP Bill Moore
|
Batting: RHB Dave O'Loan
|
0-0: Ball 1-0: Ball 2-0: Foul Ball, location: 2F 2-1: Fly out, F5 (Popup, 56)
|
Batting: RHB Greg Handrahan
|
0-0: Ground out 6-3 (Groundball, 6)
|
Batting: RHB Ramón Hernández
|
0-0: Ball 1-0: DOUBLE (Flyball, 8LXD)
|
Batting: RHB Kolomon Meise
|
0-0: Ball 1-0: Called Strike 1-1: Fly out, F9 (Flyball, 9LS)
|
Bottom of the 7th over - 0 runs, 1 hit, 0 errors, 1 left on base; Nashville 9 - New Orleans 0 |
TOP OF THE 8TH |
Nashville G-Strings batting - Pitching for New Orleans Looters : RHP Fergus Wakeford
|
Batting: LHB Robinson Fernández
|
0-0: Called Strike 0-1: Ground out 3-1 (Groundball, 34S)
|
Batting: RHB Sergio Márquez
|
0-0: Ball 1-0: Called Strike 1-1: Called Strike 1-2: Fly out, F9 (Flyball, 9S)
|
Pitching: RHP Jason MacKnight
|
|
Batting: LHB Miguel Rivería
|
0-0: Ground out 4-3 (Groundball, 4)
|
Top of the 8th over - 0 runs, 0 hits, 0 errors, 0 left on base; Nashville 9 - New Orleans 0 |
BOTTOM OF THE 8TH |
New Orleans Looters batting - Pitching for Nashville G-Strings : LHP Bill Moore
|
Batting: LHB Miguel Colón
|
0-0: Swinging Strike 0-1: Called Strike 0-2: Foul Ball, location: 2F 0-2: Ball 1-2: Ball 2-2: SINGLE (Groundball, 4MD)
|
Batting: RHB Dan Banks
|
0-0: DOUBLE (Line Drive, 78XD) Miguel Colón to third
|
Batting: SHB Arturo Sánchez
|
0-0: Ball 1-0: Called Strike 1-1: Ball 2-1: Swinging Strike 2-2: Foul Ball, location: 2F 2-2: Ground out 4-3 (Groundball, 4) Miguel Colón scores Dan Banks to third
|
Batting: LHB Taylor Smith
|
0-0: Fly out, F6 (Popup, 6M)
|
Batting: SHB Oliver Deleón
|
0-0: Ball 1-0: Foul Ball, location: 2F 1-1: Ball 2-1: Foul Ball, location: 2F 2-2: Ball 3-2: Fly out, F8 (Flyball, 8RM)
|
Bottom of the 8th over - 1 run, 2 hits, 0 errors, 1 left on base; Nashville 9 - New Orleans 1 |
TOP OF THE 9TH |
Nashville G-Strings batting - Pitching for New Orleans Looters : RHP Jason MacKnight
|
Pitching: LHP Juan Méndez
|
|
Batting: RHB Jesús Cabrera
|
0-0: Swinging Strike 0-1: Swinging Strike 0-2: Foul Ball, location: 2F 0-2: Strikes out looking
|
Batting: LHB Ramón Morales
|
0-0: Ball 1-0: Ball 2-0: Foul Ball, location: 2F 2-1: Ball 3-1: Called Strike 3-2: Fly out, F9 (Flyball, 89M)
|
Batting: RHB Vicente Aguirre
|
0-0: Ball 1-0: Ball 2-0: Called Strike 2-1: Ground out 3-1 (Groundball, 2R)
|
Top of the 9th over - 0 runs, 0 hits, 0 errors, 0 left on base; Nashville 9 - New Orleans 1 |
BOTTOM OF THE 9TH |
New Orleans Looters batting - Pitching for Nashville G-Strings : LHP Bill Moore
|
Pitching: RHP Noriyuki Matsui
|
|
Batting: RHB Dave O'Loan
|
0-0: Ball 1-0: Called Strike 1-1: Foul Ball, location: 2F 1-2: Ball 2-2: Strikes out looking
|
Batting: RHB Greg Handrahan
|
0-0: Ball 1-0: SOLO HOME RUN (Flyball, 7LD), Distance : 346 ft
|
Batting: RHB Ramón Hernández
|
0-0: Ball 1-0: Swinging Strike 1-1: Ball 2-1: Swinging Strike 2-2: Foul Ball, location: 2F 2-2: Strikes out swinging
|
Batting: RHB Kolomon Meise
|
0-0: Foul Ball, location: 2F 0-1: Ball 1-1: Ball 2-1: Foul Ball, location: 2F 2-2: Ball 3-2: Foul Ball, location: 2F 3-2: SINGLE (Groundball, 6MD)
|
Batting: LHB Miguel Colón
|
0-0: Foul Ball, location: 2F 0-1: Ball 1-1: Ball 2-1: Swinging Strike 2-2: Ground out 4-3 (Groundball, 4)
|
Bottom of the 9th over - 1 run, 2 hits, 0 errors, 1 left on base; Nashville 9 - New Orleans 2 |
|